 Dungeon Crawl Stone Soup version 0.24.0-28-g17ded55e90 (webtiles) character file.

Game seed: 9386144777409970878, levelgen mode: deterministic

1698 Flugslaktarn the Chopper (level 8, -4/73 HPs)
             Began as a Deep Dwarf Fighter on Nov 12, 2019.
             Was an Initiate of Makhleb.
             Slain by a wyvern (13 damage)
             ... on level 8 of the Dungeon.
             The game lasted 00:02:50 (3567 turns).

Flugslaktarn the Chopper (Deep Dwarf Fighter)       Turns: 3567, Time: 00:02:50

Health: -4/73      AC:  9    Str: 23    XL:     8   Next: 72%
Magic:  3/3        EV:  8    Int:  8    God:    Makhleb [......]
Gold:   195        SH: 11    Dex: 14    Spells: 7/7 levels left

rFire    . . .     SeeInvis .   o - +1 hand axe (chop)
rCold    . . .     Gourm    .   c - +0 shield
rNeg     . . .     Faith    .   b - +0 scale mail
rPois    .         Spirit   .   (helmet restricted)
rElec    .         Reflect  .   (no cloak)
rCorr    .         Harm     .   (no gloves)
MR       +....                  (no boots)
Stlth    ..........             (no amulet)
HPRegen  0.00/turn              (no ring)
MPRegen  0.08/turn              (no ring)

@: non-regenerating
A: damage resistance, heal wounds, horns 1, slimy green scales 1, agile 1, low
mp 1, sense surroundings 1, no regeneration
a: Heal Wounds, Renounce Religion


You were on level 8 of the Dungeon.
You worshipped Makhleb.
Makhleb was noncommittal.
You were not hungry.

You visited 2 branches of the dungeon, and saw 9 of its levels.

You collected 195 gold pieces.

Inventory:

Hand Weapons
 a - a +0 war axe
 o - a +1 hand axe of chopping (weapon)
   (You took it off an orc on level 5 of the Dungeon)
Armour
 b - a +0 scale mail (worn)
 c - a +0 shield (worn)
Wands
 j - a wand of iceblast (7)
   (You found it on level 6 of the Dungeon)
 l - a wand of paralysis (6)
   (You found it on level 7 of the Dungeon)
Scrolls
 k - 2 scrolls of fog
 p - a scroll of brand weapon
 r - a scroll of identify
 t - 2 scrolls of teleportation
 v - a scroll of remove curse {unknown}
Potions
 d - 2 potions of might
 f - 2 potions of curing
 g - a potion of invisibility
 h - 2 potions of haste
 m - 3 potions of flight
 n - 2 potions of cancellation
 s - a potion of agility
Comestibles
 e - 9 rations
 i - 5 chunks of flesh


   Skills:
 + Level 4.9 Fighting
 * Level 7.5 Axes
 + Level 5.9 Armour
 + Level 6.0 Shields
 + Level 3.8 Invocations
 + Level 3.7 Evocations


You had 7 spell levels left.
You didn't know any spells.
Your spell library was empty.

Dungeon Overview and Level Annotations

Branches:
Dungeon (8/15)             Temple (1/1) D:5
   Lair: D:8-11

Altars:
Ashenzari
Cheibriados
Dithmenos
Elyvilon
Fedhas
Gozag
Hepliaklqana
Kikubaaqudgha
Makhleb
Nemelex Xobeh
Okawaru
Qazlal
Trog
Uskayaw
Vehumet
Wu Jian
Xom
Yredelemnul
Zin
The Shining One

Shops:
D:5 :

Annotations:
D:7 3 runed translucent doors, coffeespoons's ghost, amateur HOWn


Innate Abilities, Weirdness & Mutations

You are resistant to damage.
You can heal yourself by infusing magical energy.
You passively map a small area around you.
You do not regenerate.
You have a pair of small horns on your head.
You are partially covered in slimy green scales. (AC +2)
You are agile. (Dex +2)
Your magical capacity is low. (-10% MP)


Message History

You are too injured to fight recklessly!
You are too injured to fight recklessly!
You are too injured to fight recklessly!
You are too injured to fight recklessly!
You are too injured to fight recklessly!
Your magical essence is drained by the effort!
You feel much better. The wyvern bites you!
You hit the wyvern.
The wyvern is severely wounded.
The wyvern bites you!
* * * LOW HITPOINT WARNING * * *
You hit the wyvern but do no damage.
The wyvern is severely wounded.
You block the wyvern's attack. The wyvern bites you!
* * * LOW HITPOINT WARNING * * *
You hit the wyvern but do no damage. Your headbutt misses the wyvern.
The wyvern is severely wounded.
You block the wyvern's attack. x2
You fail to use your ability.
The wyvern bites you!
You die...

* ,..........
*,,#..........## *, *
#.........(.. , ##
#............ .#..
#............ , *
....###............ ,
#..#..).......... ,, *
##....#).......... *#
#...#.....@l.....>
###.#..##.)#..........
.......#....#.........
, #..<..............,
, ##....###......... *
#...## #.#......., ,
,* ##.## #..#...... ,
* #.. * #...##....
**#..*, .... .. ,,


You could see a wyvern.

Vanquished Creatures
  A troll (D:7)
  Prince Ribbit (D:6)
  Eustachio (D:6)
  An ice beast (D:6)
  A phantom (D:4)
  2 ogres
  A centaur (D:5)
  A bullfrog (D:6)
  2 howler monkeys
  A crimson imp (D:5)
  A jelly (D:6)
  2 centaur zombies (D:7)
  2 hounds
  3 orc wizards
  2 orc priests
  2 iguanas (D:7)
  3 worker ants
  A hound skeleton (D:7)
  2 worker ant zombies
  An adder (D:4)
  2 shadow imps
  An ooze (D:4)
  2 adder skeletons (D:4)
  2 worms
  2 dart slugs (D:1)
  2 leopard geckos
  14 orcs
  2 giant cockroaches
  2 goblins
  2 hobgoblins
  3 jackals (D:3)
  7 kobolds
  A quokka (D:4)
  5 bats (D:1)
  A frilled lizard (D:3)
  A jackal skeleton (D:4)
  A jackal zombie (D:5)
  A quokka zombie (D:5)
  7 rats
89 creatures vanquished.

Notes
Turn   | Place    | Note
-------+----------+-------------------------------------------
     0 | D:1      | Flugslaktarn the Deep Dwarf Fighter began the quest for the
                  | Orb.
     0 | D:1      | Reached XP level 1. HP: 20/20 MP: 1/1
   145 | D:1      | Reached XP level 2. HP: 25/27 MP: 2/2
   454 | D:2      | Reached skill level 3 in Axes
   627 | D:3      | Reached XP level 3. HP: 20/33 MP: 3/3
   691 | D:3      | Found a faded altar of an unknown god.
   899 | D:4      | Reached XP level 4. HP: 39/42 MP: 4/4
   907 | D:4      | Noticed a phantom
   908 | D:4      | Found a radiant altar of Vehumet.
   942 | D:4      | Killed a phantom
   942 | D:4      | Reached skill level 4 in Axes
   942 | D:4      | Reached XP level 5. HP: 34/49 MP: 5/5
  1295 | D:4      | Found a sparkling altar of Nemelex Xobeh.
  1334 | D:4      | Noticed an ogre
  1342 | D:4      | Killed an ogre
  1342 | D:4      | Reached XP level 6. HP: 29/57 MP: 6/6
  1434 | D:5      | Entered Level 5 of the Dungeon
  1446 | D:5      | Reached skill level 5 in Axes
  1719 | D:5      | Found Byxaq's Book Shop.
  1724 | D:5      | Reached XP level 7. HP: 47/64 MP: 6/6
  1989 | D:5      | Reached skill level 5 in Shields
  2038 | D:5      | Found a staircase to the Ecumenical Temple.
  2047 | Temple   | Entered the Ecumenical Temple
  2054 | Temple   | Became a worshipper of Makhleb the Destroyer
  2208 | D:6      | Noticed Prince Ribbit
  2231 | D:6      | Killed Prince Ribbit
  2231 | D:6      | Reached skill level 6 in Axes
  2231 | D:6      | Reached skill level 5 in Armour
  2231 | D:6      | Reached skill level 1 in Invocations
  2231 | D:6      | Reached skill level 1 in Evocations
  2238 | D:6      | Noticed Eustachio
  2413 | D:6      | Killed Eustachio
  2468 | D:6      | Reached XP level 8. HP: 54/73 MP: 6/6
  2908 | D:7      | Gained mutation: Your magical capacity is low. (-10% MP)
                  | [potion of mutation]
  2908 | D:7      | Gained mutation: You have a pair of small horns on your
                  | head. [potion of mutation]
  2908 | D:7      | Gained mutation: You are partially covered in slimy green
                  | scales. (AC +2) [potion of mutation]
  2908 | D:7      | Gained mutation: You are agile. (Dex +2) [potion of
                  | mutation]
  2914 | D:7      | Found a runed translucent gate.
  2914 | D:7      | Found a runed translucent gate.
  2914 | D:7      | Found a runed translucent gate.
  2914 | D:7      | Noticed coffeespoons's ghost (amateur HOWn)
  2954 | D:7      | Noticed a troll
  2965 | D:7      | Killed a troll
  2965 | D:7      | Reached skill level 7 in Axes
  3567 | D:8      | Slain by a wyvern

Levels and vault maps discovered:
D:1:      minmay_arrival_doors, layout_basic
D:2:      layout_loops_corners, minmay_misc_feat_tower, minmay_rat_hole,
          uniq_jessica
D:3:      layout_loops_cross, gammafunk_temple_overflow_claw,
          chequers_ecumenical_altar_lobes
D:4:      layout_basic, vehumet_crystals, first_ration,
          nemelex_spade_bored_becter
D:5:      layout_loops_ring, minmay_temple_entry_poolview, serial_shops, shop
D:6:      layout_basic, uniq_prince_ribbit1, uniq_eustachio
D:7:      layout_gridville, gammafunk_ghost_necromancy, dk_noncrumbling_2
D:8:      layout_layer_cave, erik_lair_dragon
Temple:   nicolae_temple_no_exploring_needed

Skill      XL: |  1  2  3  4  5  6  7  8 |
---------------+-------------------------+-----
Axes           | 3 4 5 6 7 |  7.5
Fighting       | 3 4 |  4.9
Armour         | 4 5 |  5.9
Shields        | 4 5 6 |  6.0
Invocations    | 2 3 |  3.8
Evocations     | 2 3 |  3.7

Action                   |  1- 3 |  4- 6 |  7- 9 || total
-------------------------+-------+-------+-------++-------
Melee: War axe           |   101 |    95 |       ||   196
       Hand axe          |       |    11 |   216 ||   227
       Headbutt          |       |       |    25 ||    25
 Abil: Heal Wounds       |     1 |     4 |     9 ||    14
Evoke: Wand              |       |       |     1 ||     1
  Use: Scroll            |       |       |    11 ||    11
       Potion            |       |       |     1 ||     1
  Eat: Ration            |     1 |       |       ||     1
       Chunk             |       |       |     6 ||     6
Armor: Scale mail        |    41 |    38 |    65 ||   144
Dodge: Dodged            |    29 |    25 |    62 ||   116
Block: Shield            |    47 |    55 |   102 ||   204
